 Dungeon Crawl Stone Soup version 0.22.1-2-g9c5b331383 (webtiles) character file.

24416 Jynx the Basher (level 13, -1/84 HPs)
             Began as a Gargoyle Fighter on Dec 23, 2018.
             Was a High Priest of Okawaru.
             Slain by a komodo dragon (20 damage)
             ... on level 6 of the Lair of Beasts.
             The game lasted 00:27:24 (16945 turns).

Jynx the Basher (Gargoyle Fighter)                 Turns: 16945, Time: 00:27:25

Health: -1/84      AC: 26    Str: 21    XL:     13   Next: 13%
Magic:  13/13      EV: 13    Int: 11    God:    Okawaru [*****.]
Gold:   1003       SH: 12    Dex: 13    Spells: 12/12 levels left

rFire    + . .     SeeInvis .   a - +1 flail
rCold    + . .     Gourm    .   U - +0 shield "Icutid" {+Fly rN+ MR+ Dex+2}
rNeg     + + .     Faith    .   j - +0 chain mail
rPois    ∞         Spirit   .   l - +2 hat
rElec    +         Reflect  .   Q - scarf {rC+ rF+}
rCorr    .         Harm     .   r - +0 pair of gloves
MR       +....                  C - +0 pair of boots
Stlth    ..........             (no amulet)
HPRegen  0.24/turn              p - +4 ring of evasion
MPRegen  0.13/turn              H - +2 ring of evasion

@: no status effects
A: negative energy resistance 1, electricity resistance, unbreathing,
petrification resistance, rot immunity, AC +9
a: Heroism, Finesse, Renounce Religion, Evoke Flight


You were on level 6 of the Lair of Beasts.
You worshipped Okawaru.
Okawaru was extremely pleased with you.
You were hungry.

You visited 3 branches of the dungeon, and saw 17 of its levels.

You collected 1003 gold pieces.

Inventory:

Hand Weapons
 a - a +1 flail (weapon)
Armour
 c - the -4 helmet of the Harvest Moon {-Cast rElec rN+++ Dex-4}
   (Okawaru gifted it to you on level 3 of the Lair of Beasts)

   It affects your dexterity (-4).
   It insulates you from electricity.
   It renders you almost immune to negative energy.
   It prevents spellcasting.
 j - a +0 chain mail (worn)
 l - a +2 hat (worn)
 r - a +0 pair of gloves (worn)
 C - a +0 pair of boots (worn)
 Q - a scarf of resistance (worn)
 U - the +0 shield "Icutid" (worn) {+Fly rN+ MR+ Dex+2}
   (You found it on level 2 of the Lair of Beasts)

   It affects your dexterity (+2).
   It protects you from negative energy.
   It affects your resistance to hostile enchantments.
   It lets you fly.
Jewellery
 e - an uncursed amulet of harm {unknown}
 p - a +4 ring of evasion (left hand)
 s - an uncursed ring of ice
 F - an uncursed ring of fire
 H - a +2 ring of evasion (right hand)
 R - a cursed -2 ring of intelligence
Wands
 o - a wand of digging (38)
 t - a wand of acid (8)
 A - a wand of disintegration (26)
 D - a wand of random effects (104)
 O - a wand of iceblast (7)
Scrolls
 i - 3 scrolls of fog
 w - 3 scrolls of teleportation
 y - a scroll of amnesia
 G - 10 scrolls of remove curse
 M - 2 scrolls of immolation
 N - 2 scrolls of magic mapping
Potions
 d - 5 potions of curing
 h - 3 potions of haste
 k - a potion of invisibility {unknown}
 n - 3 potions of mutation {unknown}
 q - a potion of berserk rage {unknown}
 v - a potion of magic {unknown}
 x - a potion of cancellation
 z - 3 potions of brilliance
 I - 3 potions of flight {unknown}
 J - 2 potions of might
 P - a potion of agility {unknown}
 S - 2 potions of heal wounds {unknown}
 T - 2 potions of lignification
Comestibles
 f - 21 rations


   Skills:
 + Level 11.1 Fighting
 * Level 13.6 Maces & Flails
 + Level 11.1 Armour
 + Level 11.2 Shields


You had 12 spell levels left.
You didn't know any spells.
Your spell library contained the following spells:

 Spells                   Type           Power        Failure   Level  Hunger
 Confusing Touch          Hex            #.....       98%         1    ##.....
 Freeze                   Ice            #...         98%         1    ##.....
 Song of Slaying          Chrm           #.......     99%         2    ###....
 Throw Frost              Conj/Ice       #.....       99%         2    ###....
 Confuse                  Hex            #.......     100%        3    ####...
 Gell's Gravitas          Tloc           #.........   100%        3    ####...
 Petrify                  Tmut/Erth      #.......     100%        4    #####..
 Throw Icicle             Conj/Ice       #.......     100%        4    #####..
 Iskenderun's Battlesphe  Conj/Chrm      #.......     100%        5    ######.
 Metabolic Englaciation   Hex/Ice        #.........   100%        5    ######.
 Yara's Violent Unravell  Hex/Tmut       #.........   100%        5    ######.
 Bolt of Cold             Conj/Ice       #.........   100%        6    #######


Dungeon Overview and Level Annotations

Branches:
Dungeon (10/15)            Temple (1/1) D:6            Lair (6/6) D:8
  Swamp (0/4) Lair:3       Spider (0/4) Lair:3        Slime (0/5) Lair:5
    Orc: D:9-12

Altars:
Ashenzari
Cheibriados
Dithmenos
Elyvilon
Fedhas
Gozag
Hepliaklqana
Kikubaaqudgha
Makhleb
Nemelex Xobeh
Okawaru
Qazlal
Ru
Sif Muna
Trog
Uskayaw
Vehumet
Wu Jian
Xom
Yredelemnul
Zin
The Shining One
Jiyva

Shops:
D:3 *   D:4 }   D:7 =

Annotations:
Lair:4 1 runed door
Lair:5 1 runed door


Innate Abilities, Weirdness & Mutations

You are resistant to torment.
Your stone body is resilient. (AC +9)
You are immune to poison.
You resist negative energy. (rN+)
You are resistant to electric shocks. (rElec)
You can survive without breathing.
You are immune to petrification.
You are immune to rotting.


Message History

You block the rime drake's attack. You block the komodo dragon's attack.
The spiny frog stings you but does no damage.
You hit the rime drake but do no damage.
The rime drake is moderately wounded.
The rime drake bites you but does no damage.
You hit the rime drake.
The rime drake is heavily wounded.
You block the komodo dragon's attack. The spiny frog stings you!
The rime drake bites you but does no damage.
You hit the rime drake.
The rime drake is heavily wounded.
The spiny frog misses you. The komodo dragon bites you!
* * * LOW HITPOINT WARNING * * *
The rime drake bites you but does no damage.
You thump the rime drake!
You kill the rime drake!
Okawaru accepts your kill. The ice encasing you melts away.
You block the spiny frog's attack. The komodo dragon bites you!!
You die...

##....... . ###
###........
#.#####.###.#........
.#...#..#............
..........#..........
....P................
.........?...........
........l....<......#
...P...F@..........#.
.....................
.....................
.......?...........##
.?...P..........#.##
...........##.#####
.P........##..#
#####..P### ##


You could see a komodo dragon and a spiny frog.

Vanquished Creatures
  The ghost of Anmu the Carver, a journeyman TrMo of Okawaru (Lair:1)
  The ghost of hurdos the Destroyer, a journeyman TeFE of Vehumet (Lair:1)
  The ghost of Wycs the Cleaver, a journeyman GnWn of Ru (Lair:1)
  4 hydras
  A centaur warrior (D:10)
  2 elephants (Lair:5)
  2 black mambas
  4 spiny frogs
  2 rime drakes
  2 komodo dragons
  Prince Ribbit (D:5)
  4 blink frogs (Lair:4)
  7 hippogriffs
  25 yaks
  5 wyverns
  3 basilisks
  6 water moccasins
  7 porcupines
  3 ice beasts
  2 sky beasts
  A hornet zombie (D:8)
  A phantom (D:6)
  2 orc warriors
  A black bear (Lair:2)
  7 ogres
  7 centaurs
  13 wolves
  8 crocodiles
  3 big kobolds
  14 bullfrogs
  4 scorpions
  4 wights
  6 howler monkeys
  4 electric eels
  2 crimson imps
  A quasit (D:7)
  3 orc priests
  3 jellies
  A bullfrog zombie (D:9)
  6 orc wizards
  5 hounds
  8 iguanas
  5 worker ants
  A hound zombie (D:6)
  A worker ant zombie (D:6)
  2 howler monkey skeletons
  14 adders
  6 gnolls
  3 shadow imps
  2 oozes
  An adder skeleton (D:5)
  An adder zombie (D:8)
  7 worms
  8 leopard geckos
  30 orcs
  A ball python (D:4)
  5 bats
  11 giant cockroaches
  10 hobgoblins
  27 jackals
  4 quokkas
  A ball python skeleton (D:4)
  10 frilled lizards
  11 goblins
  A jackal zombie (D:7)
  18 kobolds
  A leopard gecko zombie (D:6)
  A quokka skeleton (D:7)
  2 quokka zombies (D:6)
  5 rats
376 creatures vanquished.

Vanquished Creatures (others)
  3 fungi
  6 plants (D:8)
  7 toadstools (Lair:4)
  4 withered plants (Lair:1)
20 creatures vanquished.

Grand Total: 396 creatures vanquished

Notes
Turn   | Place    | Note
-------+----------+-------------------------------------------
     0 | D:1      | Jynx the Gargoyle Fighter began the quest for the Orb.
     0 | D:1      | Reached XP level 1. HP: 14/14 MP: 1/1
   121 | D:1      | Reached XP level 2. HP: 17/19 MP: 2/2
   787 | D:1      | Reached XP level 3. HP: 10/23 MP: 3/3
  1020 | D:2      | Reached skill level 3 in Maces & Flails
  1056 | D:2      | Reached XP level 4. HP: 10/29 MP: 4/4
  1611 | D:2      | Found an opulent altar of Gozag.
  2228 | D:3      | Reached XP level 5. HP: 10/33 MP: 5/5
  2862 | D:3      | Found Zin's Purification Station.
  2883 | D:3      | Found a glowing silver altar of Zin.
  3140 | D:4      | Reached skill level 4 in Maces & Flails
  3210 | D:4      | Reached XP level 6. HP: 37/39 MP: 6/6
  3620 | D:4      | Found Cifopp's Gadget Emporium.
  3690 | D:5      | Entered Level 5 of the Dungeon
  3738 | D:5      | Found a stormy altar of Qazlal.
  3766 | D:5      | Noticed Prince Ribbit
  3794 | D:5      | HP: 1/39 [Prince Ribbit (1)]
  3805 | D:5      | Found a white marble altar of Elyvilon.
  3814 | D:5      | Noticed an ice beast
  3815 | D:5      | Noticed a sky beast
  3845 | D:5      | Killed a sky beast
  3845 | D:5      | Reached skill level 5 in Maces & Flails
  3845 | D:5      | Reached XP level 7. HP: 26/44 MP: 7/7
  3865 | D:5      | Reached skill level 5 in Armour
  3865 | D:5      | Reached skill level 5 in Shields
  3872 | D:5      | Reached skill level 5 in Fighting
  4082 | D:5      | Got a bloodstained helmet
  4093 | D:5      | Identified the +0 helmet "Kilof" {rC+ MR+ Str-3 Int+4} (You
                  | found it on level 5 of the Dungeon)
  4363 | D:5      | Found a hide-covered altar of Uskayaw.
  4363 | D:5      | Found a radiant altar of Vehumet.
  4492 | D:5      | Found a shadowy altar of Dithmenos.
  4606 | D:5      | Killed Prince Ribbit
  4606 | D:5      | Reached skill level 6 in Maces & Flails
  4606 | D:5      | Reached XP level 8. HP: 26/50 MP: 8/8
  4959 | D:6      | Found a stormy altar of Qazlal.
  4986 | D:6      | Found a blossoming altar of Fedhas.
  5610 | D:6      | Reached skill level 7 in Maces & Flails
  5726 | D:6      | Reached XP level 9. HP: 46/55 MP: 9/9
  5872 | D:6      | Found a staircase to the Ecumenical Temple.
  5899 | Temple   | Entered the Ecumenical Temple
  5972 | Temple   | Became a worshipper of Warmaster Okawaru
  6397 | D:6      | Reached skill level 8 in Maces & Flails
  6761 | D:7      | Found Elaom's Jewellery Shop.
  6825 | D:7      | Reached * piety under Okawaru
  6846 | D:7      | Found an ancient bone altar of Kikubaaqudgha.
  6856 | D:7      | Found the cursed +14 obsidian axe {chop, +Fly SInv *Curse}
  6954 | D:7      | Found a bloodstained altar of Trog.
  7570 | D:8      | Reached ** piety under Okawaru
  7594 | D:8      | Reached skill level 9 in Maces & Flails
  7594 | D:8      | Reached XP level 10. HP: 38/63 MP: 10/10
  8837 | D:8      | Found a deep blue altar of Sif Muna.
  8868 | D:8      | You fall through a shaft!
  8906 | D:9      | Reached *** piety under Okawaru
  8914 | D:9      | Reached skill level 10 in Maces & Flails
  9155 | D:8      | Found a staircase to the Lair.
  9763 | D:9      | Reached **** piety under Okawaru
 10091 | D:9      | Reached XP level 11. HP: 68/69 MP: 11/11
 10172 | D:10     | Entered Level 10 of the Dungeon
 10240 | D:10     | Identified the Compendium of Ice and Aid
 10326 | D:10     | Noticed a centaur warrior
 10350 | D:10     | Killed a centaur warrior
 10610 | Lair:1   | Entered Level 1 of the Lair of Beasts
 10611 | Lair:1   | Found a runed gate.
 10611 | Lair:1   | Found a runed gate.
 10611 | Lair:1   | Found a runed gate.
 10611 | Lair:1   | Noticed Wycs's ghost (journeyman GnWn)
 10612 | Lair:1   | Noticed Anmu's ghost (journeyman TrMo)
 10612 | Lair:1   | Noticed hurdos's ghost (journeyman TeFE)
 10930 | Lair:1   | Reached skill level 11 in Maces & Flails
 11116 | Lair:1   | Reached ***** piety under Okawaru
 11822 | Lair:1   | Killed Anmu's ghost
 11840 | Lair:1   | Killed hurdos's ghost
 11872 | Lair:1   | Killed Wycs's ghost
 12574 | Lair:2   | Got an encrusted shield
 12575 | Lair:2   | Identified the cursed +0 shield "Icutid" {+Fly rN+ MR+
                  | Dex+2} (You found it on level 2 of the Lair of Beasts)
 13092 | Lair:3   | Received a gift from Okawaru
 13098 | Lair:3   | Got an ichor-stained helmet {god gift}
 13109 | Lair:3   | Identified the -4 helmet of the Harvest Moon {-Cast rElec
                  | rN+++ Dex-4} (Okawaru gifted it to you on level 3 of the
                  | Lair of Beasts)
 13124 | Lair:3   | Found a hole to the Spider Nest.
 13240 | Lair:3   | Reached skill level 12 in Maces & Flails
 13240 | Lair:3   | Reached XP level 12. HP: 74/77 MP: 12/12
 13287 | Lair:3   | Noticed a four-headed hydra
 13304 | Lair:3   | Killed a four-headed hydra
 13304 | Lair:3   | Reached skill level 10 in Fighting
 13304 | Lair:3   | Reached skill level 10 in Armour
 13304 | Lair:3   | Reached skill level 10 in Shields
 13719 | Lair:3   | Found a staircase to the Swamp.
 15368 | Lair:4   | Noticed a seven-headed hydra
 15416 | Lair:4   | Killed a seven-headed hydra
 15780 | Lair:4   | Found a runed door.
 15816 | Lair:4   | Noticed a six-headed hydra
 15828 | Lair:4   | Killed a six-headed hydra
 15828 | Lair:4   | Received a gift from Okawaru
 15828 | Lair:4   | Reached skill level 13 in Maces & Flails
 16547 | Lair:5   | Reached XP level 13. HP: 84/84 MP: 13/13
 16698 | Lair:5   | Found a runed door.
 16699 | Lair:5   | Found a viscous altar of Jiyva.
 16699 | Lair:5   | Found a staircase to the Slime Pits.
 16699 | Lair:5   | Noticed an acid blob
 16699 | Lair:5   | Noticed an acid blob
 16699 | Lair:5   | Noticed an acid blob
 16700 | Lair:5   | Noticed an acid blob
 16916 | Lair:6   | Entered Level 6 of the Lair of Beasts
 16945 | Lair:6   | Slain by a komodo dragon

Skill      XL: |  1  2  3  4  5  6  7  8  9 10 11 12 13 |
---------------+----------------------------------------+-----
Maces & Flails | 3 4 5 6 7 9 10 12 13 | 13.6
Armour         | 4 5 6 7 8 9 10 11 | 11.1
Fighting       | 4 5 6 7 8 9 11 | 11.1
Shields        | 4 5 6 7 8 9 11 | 11.2

Action                   |  1- 3 |  4- 6 |  7- 9 | 10-12 | 13-15 || total
-------------------------+-------+-------+-------+-------+-------++-------
Melee: Flail             |   143 |   390 |   627 |  1341 |    74 ||  2575
Invok: Heroism           |       |       |       |     5 |       ||     5
       Finesse           |       |       |       |     2 |       ||     2
  Use: Scroll            |       |     3 |     5 |    19 |       ||    27
       Potion            |       |     2 |     2 |     1 |       ||     5
  Eat: Chunk             |       |    10 |     9 |    25 |     1 ||    45
       Ration            |       |       |     1 |     2 |       ||     3
Armor: Scale mail        |   114 |   181 |     4 |       |       ||   299
       Chain mail        |       |       |   289 |   619 |    50 ||   958
Dodge: Dodged            |    77 |   194 |   299 |   609 |    52 ||  1231
Block: Shield            |   103 |   202 |   369 |   809 |    71 ||  1554
